Map: World of Sleepers LE

Players

Ragnarok (SHIN)

  • Race: Zerg Zerg
  • League: Grandmaster
  • Spawn Location: 1:00

soO - Winner!

  • Race: Zerg Zerg
  • Spawn Location: 7:00

VOD

Have the link to the VOD?

Description

Time

  • Played on: Jan. 16, 2020, 6:31 a.m.
  • Length: 8:49
Show
View Real Time Build Order
Export as new Build Order

Ragnarok Zerg 

Build Orders: Hatch First 

Get SALT Encoding   

  12  0:00  Drone  
  13  0:08  Drone  
  14  0:16  Overlord  
  14  0:35  Drone x2  
  16  0:47  Hatchery  
  15  0:51  Drone  
  15  0:55  Drone  
  17  1:03  Drone  
  18  1:09  Extractor  
  17  1:12  Spawning Pool  
  17  1:16  Drone  
  17  1:20  Drone  
  18  1:29  Drone  
  19  1:39  Drone  
  20  1:56  Drone  
  20  1:59  Queen x2, Drone  
  26  2:02  Overlord  
  26  2:10  Metabolic Boost  
  26  2:13  Drone  
  26  2:14  Drone  
  28  2:27  Hatchery  
  28  2:29  Drone  
  28  2:32  Drone  
  28  2:34  Drone  
  30  2:38  Drone  
  30  2:43  Queen  
  33  2:46  Drone  
  34  2:51  Baneling Nest  
  34  2:56  Overlord  
  33  2:59  Drone  
  33  3:03  Zergling x2  
  33  3:04  Zergling x2  
  36  3:15  Drone  
  36  3:16  Drone x2  
  36  3:17  Zergling x8  
  43  3:26  Zergling x2  
  44  3:33  Overlord  
  44  3:37  Evolution Chamber  
  44  3:38  Drone  
  43  3:42  Drone x5  
  43  3:44  Baneling x2  
  47  3:50  Zergling x2  
  47  3:51  Zergling x4  
  47  3:52  Zergling x2  
  47  3:55  Drone  
  50  4:03  Extractor x2  
  50  4:06  Drone x3, Roach Warren  
  50  4:09  Drone, Zerg Missile Weapons Level 1  
  50  4:10  Drone  
  50  4:12  Drone  
  52  4:17  Baneling x2  
  52  4:18  Zergling x4  
  52  4:20  Zergling x4  
  56  4:26  Zergling x4  
  56  4:29  Baneling  
  58  4:35  Overlord  
  58  4:39  Overlord  
  58  4:50  Overlord  
  58  4:51  Overlord  
  56  4:55  Roach x4  
  64  5:03  Roach x4  
  64  5:04  Roach  
  74  5:07  Overlord  
  74  5:09  Roach  
  74  5:10  Roach x2  
  74  5:14  Roach  
  82  5:15  Roach  
  82  5:20  Roach x2  
  86  5:22  Roach  
  87  5:29  Zergling x8  
  87  5:31  Zergling x2  
  87  5:32  Zergling x2  
  87  5:35  Zergling x2  
  91  5:36  Zergling x2  
  91  5:38  Zergling x2  
  91  5:40  Zergling x2  
  91  5:42  Zergling x4  
  95  5:44  Zergling x2  
  95  5:46  Zergling x2  
  95  5:50  Queen  
  97  5:58  Lair  
  95  6:04  Drone x3  
  95  6:06  Drone  
  95  6:08  Overlord  
  95  6:09  Overlord  
  98  6:12  Overlord  
  98  6:26  Baneling  
  98  6:27  Drone x8  
  98  6:28  Drone  
  98  6:31  Extractor  
  106  6:35  Roach x2  
  106  6:36  Roach  
  106  6:38  Ravager x2  
  114  6:40  Overlord  
  114  6:43  Overlord  
  114  6:47  Overlord  
  114  6:50  Overlord  
  114  6:54  Overlord  
  114  6:56  Overlord  
  113  7:01  Glial Reconstitution  
  113  7:03  Ravager x2  
  113  7:05  Roach  
  113  7:07  Roach  
  117  7:10  Roach  
  117  7:15  Roach x3  
  123  7:17  Roach  
  123  7:20  Roach  
  123  7:22  Roach  
  129  7:23  Roach  
  129  7:25  Roach  
  129  7:27  Roach  
  135  7:30  Roach  
  135  7:31  Roach  
  135  7:33  Roach  
  135  7:35  Roach  
  135  7:36  Overlord  
  143  7:39  Roach  
  143  7:41  Overlord  
  145  7:46  Overlord  
  145  7:47  Overlord  
  145  7:51  Overlord  
  145  7:53  Overlord  
  145  7:54  Roach  
  145  7:56  Roach  
  145  7:58  Roach  
  143  8:00  Roach  
  143  8:02  Roach x3  
  143  8:04  Baneling x2  
  143  8:05  Roach  
  153  8:07  Roach  
  153  8:11  Roach  
  157  8:14  Roach  
  157  8:15  Roach  
  157  8:16  Roach  
  163  8:22  Roach x3  
  163  8:25  Roach  
  163  8:26  Roach  
  173  8:29  Roach  
  173  8:30  Roach  
Show
View Real Time Build Order
Export as new Build Order

soO Zerg - Winner!

Build Orders: Hatch First 

Get SALT Encoding   

  12  0:00  Drone  
  13  0:12  Overlord  
  13  0:16  Drone  
  14  0:30  Drone x2  
  16  0:47  Hatchery  
  15  0:50  Drone  
  15  0:54  Drone  
  18  0:57  Drone  
  18  1:07  Extractor  
  17  1:12  Spawning Pool  
  17  1:15  Drone  
  17  1:18  Drone  
  18  1:28  Drone  
  19  1:38  Drone  
  20  1:49  Overlord  
  20  1:58  Queen x2  
  20  1:59  Drone  
  20  2:00  Drone  
  26  2:09  Drone  
  26  2:11  Drone, Metabolic Boost  
  28  2:21  Drone x2  
  30  2:32  Hatchery  
  30  2:34  Drone  
  30  2:35  Drone  
  31  2:42  Queen  
  33  2:51  Drone, Baneling Nest  
  32  2:53  Overlord  
  32  2:56  Drone  
  34  2:59  Drone  
  34  3:03  Drone  
  36  3:12  Zergling x10  
  41  3:16  Overlord  
  42  3:20  Drone  
  42  3:25  Drone x2, Evolution Chamber  
  43  3:33  Drone  
  44  3:35  Zergling x2  
  44  3:37  Drone  
  44  3:39  Drone x2  
  48  3:44  Zergling x4  
  49  3:50  Zergling x4  
  49  3:51  Zerg Missile Weapons Level 1  
  49  3:52  Zergling x2  
  49  3:57  Zergling x2  
  49  4:01  Baneling x2  
  50  4:04  Drone x2  
  50  4:05  Drone x2  
  50  4:06  Overlord  
  50  4:08  Drone  
  55  4:14  Drone x2  
  55  4:16  Extractor, Drone x2  
  58  4:17  Extractor, Roach Warren  
  58  4:20  Drone  
  58  4:21  Drone  
  58  4:26  Overlord  
  58  4:30  Overlord  
  58  4:36  Zergling x2, Overlord  
  59  4:41  Drone  
  59  4:42  Overlord  
  60  4:48  Baneling x2  
  59  4:54  Zergling x6  
  62  5:03  Roach x8  
  76  5:09  Roach x2  
  76  5:11  Overlord  
  76  5:12  Overlord  
  80  5:16  Roach  
  80  5:17  Roach  
  84  5:26  Zergling x2, Roach x5  
  93  5:35  Zergling x2, Roach  
  92  5:41  Zergling x4  
  94  5:47  Zergling x4  
  96  5:51  Zergling x2  
  96  5:55  Lair  
  96  5:56  Drone  
  97  5:58  Drone  
  97  6:01  Drone  
  99  6:07  Drone  
  99  6:08  Drone  
  99  6:09  Drone x4  
  105  6:12  Drone x4  
  105  6:13  Drone  
  105  6:16  Ravager x3  
  105  6:18  Overlord  
  113  6:21  Extractor x2  
  113  6:22  Ravager, Overlord  
  113  6:23  Overlord  
  112  6:30  Drone  
  112  6:31  Overlord  
  113  6:34  Overlord  
  113  6:36  Overlord  
  113  6:40  Drone x6  
  113  6:41  Drone  
  120  6:49  Drone  
  120  6:52  Extractor  
  120  6:54  Glial Reconstitution  
  120  6:57  Overseer x2  
  120  7:04  Drone  
  121  7:08  Pneumatized Carapace  
  121  7:10  Roach x3  
  121  7:13  Hatchery, Overlord  
  126  7:33  Roach x11  
  126  7:36  Overlord  
  148  7:38  Roach x5  
  148  7:39  Roach  
  160  7:45  Overlord  
  160  7:46  Overseer  
  160  7:52  Overlord  
  160  7:53  Overlord x2  
  160  7:57  Roach x3  
  161  8:03  Roach x2  
  161  8:04  Ravager  
  166  8:07  Roach x3  
  166  8:08  Roach x2  
  166  8:12  Roach x5  
  186  8:13  Ravager  
  184  8:23  Roach  
  184  8:24  Roach x2  
Tags
 
Add a new tag
Caveats
  • Supply blocks, unpowered buildings, or Contaminate may cause inaccurate times.
  • Supply counts are checked every 10 seconds.